 Dungeon Crawl Stone Soup version 0.26.1-11-gd32895ea62 (webtiles) character file.

Game seed: 6477909962901131133

76 Kukuleta the Firebug (level 4, 0/25 (33) HPs)
             Began as a Draconian Fire Elementalist on June 29, 2021.
             Succumbed to a goblin's poison
             ... on level 1 of the Dungeon.
             The game lasted 00:07:40 (2658 turns).

Kukuleta the Firebug (Draconian Fire Elementalist)  Turns: 2658, Time: 00:07:41

HP:   0/25 (33)     AC:  5    Str:  7 (10) XL:     4   Next: 12%
MP:   5/7           EV: 12    Int: 16 (17) God:
Gold: 69            SH:  0    Dex:  8 (11) Spells: 7/8 levels left

rFire    + . .     SeeInvis .   c - +0 club
rCold    + . .     Faith    .   (no shield)
rNeg     . . .     Spirit   .   (armour unavailable)
rPois    +         Reflect  .   (helmet restricted)
rElec    +         Harm     .   (no cloak)
rCorr    +         Rampage  .   (no gloves)
Will     .....                  (no boots)
Stlth    +.........             (no amulet)
HPRegen  0.08/turn              (no ring)
MPRegen  0.10/turn              (no ring)

@: lethally poisoned (0 -> -9), resistant, heavily drained
A: unfitting armour, cold-blooded, AC +5
a: no special abilities


You were on level 1 of the Dungeon.
You visited 1 branch of the dungeon, and saw 2 of its levels.

You collected 69 gold pieces.

Inventory:

Hand Weapons
 c - a +0 club (weapon)
Armour
 h - a +1 hat
Jewellery
 f - an uncursed ring of flight {unknown}
Scrolls
 b - a scroll of identify {unknown}
 g - 5 scrolls of teleportation {unknown}
 k - 2 scrolls of remove curse {unknown}
Potions
 j - a potion of might {unknown}


   Skills:
 - Level 1.7 Dodging
 - Level 1.7 Stealth
 + Level 2.6 Spellcasting
 * Level 2.9 Conjurations
 + Level 3.5 Fire Magic


You had 7 spell levels left.
You knew the following spells:

 Your Spells              Type           Power        Failure   Level
a - Foxfire               Conj/Fire      48%          5%          1

Your spell library contained the following spells:

 Spells                   Type           Power        Failure   Level
 Conjure Flame            Conj/Fire      12%          16%         3
 Inner Flame              Hex/Fire       7%           28%         3
 Sticky Flame             Conj/Fire      12%          45%         4
 Fireball                 Conj/Fire      6%           82%         5


Dungeon Overview and Level Annotations

Branches:
Dungeon (2/15)

Altars:

Annotations:
D:2 Robin


Innate Abilities, Weirdness & Mutations

Your plain brown scales are hard. (AC +5)
You cannot fit into any form of body armour.
You are cold-blooded and may be slowed by cold attacks.


Message History

You feel sick.
The foxfire hits the goblin.
The goblin is moderately wounded.
The goblin hits you but does no damage.
You closely miss the goblin.
The goblin is moderately wounded.
* * * LOW HITPOINT WARNING * * *
You feel sick. The goblin completely misses you.
Casting: Foxfire (safe; 4% risk of failure)
Confirm with . or Enter, or press ? or * to list all spells.
You conjure some foxfire!
* * * LOW HITPOINT WARNING * * *
You feel sick. The goblin closely misses you.
You hit the goblin.
You kill the goblin!
* * * LOW HITPOINT WARNING * * *
You feel sick.
It was a potion of degeneration.
There was something very wrong with that liquid.
You feel weakened.
You feel dopey.
You feel clumsy.
You die...

...........# #.#
..####.###.# #.#
.## #.# #.# #.# .#
#.# #.# #.# .# #.#
#.# #)# .#####.#
#.# #v# .......#
#.# #§#
.#####.###.#####§#
...(...........§@#
######.###.#######
#.###.# #.....#
#..##.# #.....#
#...### #...#
#...#


There were no monsters in sight!

Vanquished Creatures
  2 adders (D:1)
  A worm (D:2)
  A dart slug (D:1)
  A leopard gecko (D:1)
  A ball python (D:2)
  A giant cockroach (D:1)
  12 goblins
  5 hobgoblins
  4 jackals (D:1)
  3 kobolds
  A quokka (D:2)
  7 bats
  3 frilled lizards
  6 rats
48 creatures vanquished.

Vanquished Creatures (others)
  77 foxfires
77 creatures vanquished.

Grand Total: 125 creatures vanquished

Notes
Turn   | Place    | Note
-------+----------+-------------------------------------------
     0 | D:1      | Kukuleta the Draconian Fire Elementalist began the quest
                  | for the Orb.
     0 | D:1      | Reached XP level 1. HP: 14/14 MP: 3/3
   538 | D:1      | Reached XP level 2. HP: 20/20 MP: 0/5
  1005 | D:1      | Reached XP level 3. HP: 19/26 MP: 4/6
  2051 | D:2      | Noticed Robin
  2085 | D:1      | Reached XP level 4. HP: 7/33 MP: 7/7
  2092 | D:1      | HP: 1/33 [hobgoblin/+0 club[Robin] (7)]
  2657 | D:1      | HP: 1/25 [poisoned by a goblin]
  2658 | D:1      | Succumbed to a goblin's poison

Illustrated notes

Levels and vault maps discovered:
D:1:      nzn_arrival_settlement, layout_loops_ring
D:2:      layout_rooms, uniq_robin

Skill      XL: |  1  2 |
---------------+-------+-----
Conjurations   | 2 |  2.9
Dodging        | |  1.7
Stealth        | |  1.7
Spellcasting   | |  2.6
Fire Magic     | |  3.5

Action                   |  1- 3 |  4- 6 || total
-------------------------+-------+-------++-------
Melee: Unarmed           |     1 |       ||     1
       Club              |    51 |    20 ||    71
       Tailslap          |     4 |     4 ||     8
 Cast: Foxfire           |    53 |     2 ||    55
  Use: Potion            |     3 |     4 ||     7
Armor: Skin              |    28 |     6 ||    34
Dodge: Dodged            |    53 |    19 ||    72
